 Dungeon Crawl Stone Soup version 0.31-a0-4-gefa6de2278 (webtiles) character file.

Game seed: 981067740623503927

2 subawu the Insei (level 1, -3/17 HPs)
             Began as a Gnoll Transmuter on May 3, 2023.
             Slain by a quokka (4 damage)
             ... on level 1 of the Dungeon.
             The game lasted 00:00:23 (57 turns).

subawu the Insei (Gnoll Transmuter)                   Turns: 57, Time: 00:00:24

Health: -3/17      AC:  2    Str:  9    XL:     1   Next: 40%
Magic:  5/6        EV: 10    Int: 12    God:
Gold:   0          SH:  0    Dex: 12    Spells: 8/9 levels left

rFire   . .          .
                       - Unarmed
rCold   . . .        (no shield)
rNeg    . . .        a - +0 robe
rPois   .            (helmet currently unavailable)
rElec   .            (no cloak)
rCorr   .            (no gloves)
SInv    .            (boots currently unavailable)
Will    .....        (no amulet)
Stlth   +            (no ring)
HPRegen 0.22/turn    (no ring)
MPRegen 0.10/turn

%: no passive effects
@: appendages, constricted
A: horns 2, talons 2, fangs 1, strong nose, distributed training
a: End Transformation


You were on level 1 of the Dungeon.
You had temporarily grown beastly horns and talons.
You visited 1 branch of the dungeon, and saw 1 of its levels.

Inventory:

Missiles
 e - 2 stones (quivered)
Armour
 a - a +0 robe (worn)
Scrolls
 c - a scroll of identify {unknown}
 d - a scroll of teleportation {unknown}
 f - a scroll of fear {unknown}
Potions
 b - a potion of lignification


   Skills:
 + Level 2.3 Fighting
 + Level 0.0 Short Blades
 + Level 0.0 Long Blades
 + Level 0.0 Axes
 + Level 0.0 Maces & Flails
 + Level 0.0 Polearms
 + Level 0.0 Staves
 + Level 0.0 Ranged Weapons
 + Level 0.0 Throwing
 + Level 0.0 Armour
 + Level 4.4 Dodging
 + Level 0.0 Stealth
 + Level 0.0 Shields
 + Level 6.4 Unarmed Combat
 + Level 4.8 Spellcasting
 + Level 0.0 Conjurations
 + Level 0.0 Hexes
 + Level 0.0 Summonings
 + Level 0.0 Necromancy
 + Level 0.0 Translocations
 + Level 3.6 Transmutations
 + Level 0.0 Fire Magic
 + Level 0.0 Ice Magic
 + Level 0.0 Air Magic
 + Level 0.0 Earth Magic
 + Level 0.0 Poison Magic
 + Level 0.1 Invocations
 + Level 0.0 Evocations


You had 8 spell levels left.
You knew the following spells:

 Your Spells              Type           Power      Damage    Failure   Level
a - Beastly Appendage     Tmut           22%        N/A       4%          1

Your spell library contained the following spells:

 Spells                   Type           Power      Damage    Failure   Level
 Wereblood                Tmut           11%        N/A       7%          2
 Spider Form              Tmut/Pois      7%         N/A       28%         3
 Ice Form                 Ice/Tmut       7%         N/A       67%         4


Dungeon Overview and Level Annotations

Branches:
Dungeon (1/15)

Altars:


Innate Abilities, Weirdness & Mutations

You have temporarily grown beastly horns and talons.
You have very sharp teeth.
Your uncanny sense of smell can sniff out nearby items.
Your experience applies equally to all skills.


Message History

Confirm with . or Enter, or press ? or * to list all spells.
You grow a pair of large bovine horns.
Your feet morph into talons.
The bat closely misses you.
The ball python bites you but does no damage.
The ball python misses you. The quokka closely misses you.
The ball python barely misses you. The ball python misses you.
You hit the quokka.
You kill the quokka!
The bat barely misses you. The ball python bites you.
The ball python barely misses you. The bat completely misses you.
The quokka bites you. The ball python bites you.
The ball python closely misses you. The quokka bites you.
* * * LOW HITPOINT WARNING * * *
You see here a quokka corpse.
You hit the quokka. Your kick misses the quokka.
The quokka is lightly wounded.
The ball python misses you. x2; The quokka misses you.
You barely miss the quokka. Your headbutt misses the quokka.
The quokka is lightly wounded.
The bat misses you. The bat hits you but does no damage.
The ball python bites you.
* * * LOW HITPOINT WARNING * * *
The ball python barely misses you. The quokka closely misses you.
You closely miss the quokka. You claw the quokka.
The quokka is almost dead.
The bat closely misses you. The ball python completely misses you.
The ball python barely misses you.
The quokka bites you but does no damage.
You hit the ball python. Your headbutt misses the ball python.
The ball python is moderately wounded.
The bat closely misses you. The ball python barely misses you.
The ball python grabs you. The ball python constricts you.
The quokka bites you but does no damage.
You hit the ball python but do no damage.
Your kick misses the ball python. Your headbutt misses the ball python.
The ball python is moderately wounded.
The bat closely misses you. The ball python bites you.
* * * LOW HITPOINT WARNING * * *
The ball python constricts you. The quokka bites you.
You die...

#.# #.# #.# #.# #####.#
#########
######...#.#####........
.......#....##...##...##
#.$....S.#.....###♣...♣
#....br@.'.##### #...#
#........### ♣...♣
#...!....# #...#
#........# ♣...♣
#........# #...#
###.###### ♣.♣.♣ #.
#.♣.# # ♣...♣ #...#


You could see a quokka, a bat and a ball python.

Vanquished Creatures
  A giant cockroach (D:1)
  A quokka (D:1)
2 creatures vanquished.

Notes
Turn   | Place    | Note
-------+----------+-------------------------------------------
     0 | D:1      | subawu the Gnoll Transmuter began the quest for the Orb.
     0 | D:1      | Reached XP level 1. HP: 17/17 MP: 6/6
    57 | D:1      | Slain by a quokka

Illustrated notes

Levels and vault maps discovered:
D:1:      minmay_arrival_plants_in_alcoves, layout_basic

Action                     || total
---------------------------++-------
  Melee: Unarmed           ||     8
         Kick              ||     1
         Punch             ||     1
   Cast: Beastly Appendage ||     1
 Armour: Robe              ||     6
  Dodge: Dodged            ||    29

Table legend: (Time is in decaauts)
 A = Elapsed time spent in this place.
 B = Non-inter-level travel time spent in this place.
 C = Inter-level travel time spent in this place.
 D = Time resting spent in this place.
 E = Time spent auto-exploring this place.
 F = Levels seen in this place.
 G = Mean time per level.
                   A        B        C        D        E       F      G
               +--------+--------+--------+--------+--------+-----+--------+
         Total |     56 |     56 |      0 |      0 |      0 |   1 |   56.0 |
       Dungeon |     56 |     56 |      0 |      0 |      0 |   1 |   56.0 |
               +--------+--------+--------+--------+--------+-----+--------+

Top non-repeatable levels by time:
     D:1: 56 daAuts
